Map: 光影交错-天梯版

Players

iGCoffeeMs (Coffee)

  • Race: Terran Terran

iGMacSed (MacSed) - Winner!

  • Race: Protoss Protoss
  • League: Master

Event: DreamHack SC2 Masters 2021 Winter

VOD

Have the link to the VOD?

Description

Time

  • Played on: Oct. 7, 2021, 9:28 a.m.
  • Length: 16:46

All games in this series

Show
View Real Time Build Order
Export as new Build Order

iGCoffeeMs Terran 

Build Orders:  

Get SALT Encoding   

  12  0:00  SCV  
  13  0:12  SCV  
  14  0:17  Supply Depot  
  14  0:24  SCV  
  15  0:39  SCV  
  15  0:40  Barracks  
  16  0:43  Refinery  
  16  0:51  SCV  
  16  0:56  Supply Depot  
  17  1:03  SCV  
  18  1:15  SCV  
  19  1:27  Marine  
  19  1:28  Orbital Command  
  20  1:47  Command Center  
  20  1:51  Barracks Reactor  
  20  1:56  SCV  
  21  2:07  Factory  
  21  2:08  SCV  
  22  2:13  Refinery  
  22  2:20  SCV  
  23  2:28  Marine x2  
  25  2:32  SCV  
  26  2:44  SCV  
  26  2:46  Marine x2  
  29  2:51  Starport  
  29  2:52  Widow Mine  
  31  2:58  SCV  
  31  2:59  Orbital Command  
  32  3:06  Marine x2  
  32  3:10  SCV  
  35  3:13  Widow Mine  
  35  3:16  Supply Depot  
  37  3:22  Orbital Command  
  37  3:23  SCV  
  37  3:25  Marine x2  
  40  3:29  Medivac  
  42  3:35  SCV  
  42  3:36  Widow Mine  
  45  3:43  Marine x2  
  45  3:44  Supply Depot  
  45  3:47  SCV  
  45  3:48  SCV  
  49  3:57  Barracks  
  49  3:58  Factory Tech Lab  
  49  4:00  Starport Tech Lab  
  49  4:04  Marine x2  
  49  4:05  SCV  
  52  4:12  SCV  
  52  4:14  Bunker  
  53  4:17  SCV, Siege Tank  
  53  4:21  Raven  
  53  4:23  Refinery  
  59  4:25  Supply Depot  
  59  4:30  SCV x2  
  61  4:31  Marine  
  61  4:36  Supply Depot  
  62  4:43  Engineering Bay  
  62  4:46  Barracks  
  61  4:56  SCV x2, Siege Tank  
  66  5:01  Supply Depot  
  66  5:10  Stimpack  
  66  5:12  SCV  
  66  5:13  Marine, Starport Reactor  
  66  5:14  SCV, Refinery  
  69  5:17  Marine x2  
  69  5:20  Terran Infantry Weapons Level 1  
  71  5:24  SCV  
  71  5:26  SCV  
  71  5:27  Supply Depot  
  73  5:34  Factory Tech Lab  
  73  5:35  Marine x2  
  72  5:37  SCV  
  72  5:38  SCV  
  78  5:43  Marauder x2, Combat Shield  
  78  5:49  SCV  
  81  5:50  SCV  
  81  5:53  Supply Depot  
  81  5:54  Siege Tank  
  81  5:56  Marine x2  
  89  6:05  Supply Depot  
  89  6:09  Medivac x2  
  91  6:14  Marauder  
  91  6:15  Marauder, Marine  
  91  6:16  Supply Depot  
  91  6:18  Marine  
  97  6:21  SCV x2  
  99  6:30  Siege Tank  
  102  6:35  Marauder  
  102  6:37  Marauder  
  106  6:45  Marine x2  
  108  6:51  Command Center  
  107  6:57  Medivac x2  
  107  6:58  Marauder  
  113  7:02  Marauder  
  113  7:06  Marine  
  113  7:07  Marine  
  111  7:10  Siege Tank  
  111  7:12  SCV x2  
  111  7:15  Supply Depot  
  112  7:31  Marine  
  112  7:32  Marauder, Marine  
  112  7:36  Marauder  
  80  7:46  Barracks  
  80  7:47  Barracks  
  80  7:48  Terran Infantry Armor Level 1  
  80  7:49  SCV x2, Marine x2  
  80  7:53  Marauder  
  80  7:55  Siege Tank  
  80  7:57  Marauder  
  87  8:03  Orbital Command  
  87  8:07  Viking x2  
  87  8:09  SCV x2  
  87  8:10  Concussive Shells  
  93  8:15  Marauder, Marine x2  
  97  8:21  Ghost Academy  
  97  8:22  SCV x2  
  97  8:25  Orbital Command  
  99  8:28  Siege Tank  
  102  8:34  SCV x2  
  102  8:41  Viking x2  
  108  8:45  Barracks Tech Lab, Barracks Reactor, Marine x2  
  108  8:47  Missile Turret  
  109  9:01  Bunker x2  
  109  9:02  Bunker  
  112  9:03  Marauder x2  
  106  9:15  Marauder, Marine  
  91  9:23  Ghost  
  65  9:28  Marauder, Marine  
  62  9:33  SCV  
  62  9:36  Marauder  
  62  9:38  Marine  
  63  9:41  SCV x2  
  65  9:45  SCV  
  66  9:53  SCV x2  
  68  10:02  Marine x4  
  68  10:03  SCV  
  68  10:05  SCV  
  73  10:18  Marauder x2  
  73  10:20  SCV x2  
  73  10:21  SCV  
  77  10:25  Marine x3  
  79  10:37  SCV  
  76  10:43  Marauder x2  
  76  10:46  Marine x2  
  76  10:47  SCV x2, Marine x2  
  84  10:55  SCV  
  85  11:00  SCV x2  
  85  11:01  Missile Turret  
  85  11:03  Siege Tank  
  90  11:07  SCV  
  90  11:10  Marine x2  
  90  11:11  Marine x2  
  95  11:12  SCV  
  96  11:19  Marauder x2  
  96  11:20  SCV x2  
  102  11:26  SCV  
  102  11:31  Marine x4  
  102  11:32  SCV  
  102  11:41  SCV x2  
  102  11:45  Marauder, Marine x2  
  102  11:48  Marine  
  102  11:51  SCV  
  102  11:53  SCV  
  102  11:54  SCV  
  106  12:00  Medivac x2  
  110  12:03  SCV  
  110  12:06  SCV x2  
  110  12:07  Engineering Bay, Armory  
  102  12:30  Medivac x2  
  102  12:32  Marauder x3  
  102  12:33  Siege Tank  
  102  12:34  SCV x2, Marine x4  
  119  12:43  Sensor Tower  
  118  12:52  Supply Depot, Ghost x2  
  118  12:54  Terran Infantry Weapons Level 2  
  122  13:03  Supply Depot  
  122  13:05  Siege Tank  
  125  13:15  Missile Turret  
  125  13:17  Supply Depot, Terran Infantry Armor Level 2, Bunker  
  125  13:18  SCV  
  125  13:19  SCV  
  127  13:27  SCV  
  128  13:31  SCV x2  
  128  13:32  Liberator  
  128  13:33  Liberator  
  135  13:36  Refinery  
  135  13:37  Refinery  
  128  13:56  Marine x2  
  128  13:57  Supply Depot x2  
  128  13:58  Command Center  
  129  14:04  Terran Ship Weapons Level 1  
  129  14:10  Sensor Tower  
  129  14:13  Ghost x2  
  133  14:26  Viking x2  
  133  14:28  SCV x3  
  140  14:32  Enhanced Shockwaves  
  139  14:49  Marine x4  
  139  14:50  Marauder x2, Missile Turret  
  139  14:52  Marauder  
  148  15:00  Siege Tank  
  144  15:10  SCV  
  143  15:17  Marine x4  
  143  15:19  Marauder x3  
  147  15:38  Planetary Fortress  
  147  15:41  Missile Turret  
  147  15:44  SCV x2  
  143  16:03  Marauder  
  136  16:07  Marauder, Marine  
  136  16:09  SCV x2  
  139  16:12  Marine x2  
  139  16:17  Marine x2  
  143  16:24  Marauder  
  143  16:25  Marine  
Show
View Real Time Build Order
Export as new Build Order

iGMacSed Protoss - Winner!

Build Orders: 1 Gate Expand, Colossus Rush 

Get SALT Encoding   

  12  0:00  Probe  
  13  0:12  Probe  
  14  0:17  Pylon  
  14  0:24  Probe (Chrono Boost)  
  15  0:36  Probe (Chrono Boost)  
  15  0:40  Gateway  
  16  0:45  Probe (Chrono Boost)  
  16  0:48  Assimilator  
  17  0:50  Probe  
  18  1:03  Probe  
  19  1:15  Probe  
  20  1:26  Cybernetics Core  
  20  1:34  Nexus  
  20  1:41  Pylon  
  20  1:44  Probe  
  21  1:50  Assimilator  
  21  1:56  Probe  
  21  2:00  Stalker (Chrono Boost)  
  22  2:05  Warp Gate  
  22  2:08  Probe  
  25  2:13  Shield Battery  
  25  2:20  Probe  
  25  2:22  Stalker (Chrono Boost)  
  28  2:32  Probe  
  29  2:45  Sentry  
  29  2:46  Probe (Chrono Boost)  
  29  2:49  Probe (Chrono Boost)  
  33  2:53  Gateway  
  33  2:56  Probe (Chrono Boost)  
  35  2:58  Probe (Chrono Boost)  
  35  3:02  Robotics Facility  
  35  3:03  Probe  
  36  3:10  Probe (Chrono Boost)  
  37  3:13  Gateway  
  37  3:17  Probe (Chrono Boost)  
  40  3:27  Pylon  
  40  3:28  Probe x2 (Chrono Boost)  
  40  3:33  Probe (Chrono Boost)  
  40  3:34  Probe (Chrono Boost)  
  40  3:39  Pylon  
  42  3:43  Probe  
  42  3:46  Probe  
  44  3:50  Observer  
  44  3:54  Stalker x2  
  44  3:55  Probe  
  50  3:58  Probe  
  51  4:05  Pylon  
  51  4:07  Probe  
  52  4:10  Probe  
  52  4:11  Stalker  
  52  4:14  Assimilator  
  52  4:16  Assimilator  
  52  4:17  Observer  
  56  4:19  Probe  
  56  4:22  Probe  
  58  4:27  Robotics Bay  
  58  4:29  Forge  
  58  4:31  Probe  
  58  4:34  Probe  
  60  4:43  Probe  
  60  4:47  Probe  
  61  4:55  Probe  
  61  4:56  Pylon  
  61  4:58  Twilight Council  
  61  4:59  Probe  
  63  5:02  Pylon  
  63  5:08  Probe  
  63  5:11  Nexus, Probe  
  63  5:12  Colossus (Chrono Boost)  
  65  5:17  Protoss Ground Weapons Level 1  
  65  5:20  Probe  
  72  5:23  Extended Thermal Lance  
  72  5:27  Pylon  
  72  5:33  Charge (Chrono Boost)  
  72  5:37  Observer  
  72  5:42  Gateway  
  72  5:43  Gateway  
  72  5:44  Gateway  
  72  5:54  Gateway  
  72  5:55  Gateway  
  72  5:59  Colossus (Chrono Boost)  
  78  6:06  Pylon  
  78  6:15  Zealot x2  
  78  6:18  Shield Battery  
  82  6:20  Observer  
  82  6:24  Pylon, Sentry  
  84  6:28  Photon Cannon  
  83  6:37  Zealot, Colossus (Chrono Boost), Sentry  
  93  6:45  Zealot x3  
  99  6:53  Templar Archives  
  98  7:13  Zealot x8  
  107  7:33  Zealot x6  
  107  7:35  Zealot x2  
  97  7:39  Warp Prism (Chrono Boost)  
  81  7:48  Probe  
  81  7:49  Probe  
  83  7:58  Sentry x3  
  87  7:59  Probe  
  87  8:00  Probe  
  87  8:01  Probe  
  87  8:04  High Templar x2  
  87  8:05  Zealot x2  
  100  8:10  Archon  
  100  8:12  High Templar  
  102  8:13  Probe  
  102  8:15  Probe x2  
  105  8:22  High Templar  
  105  8:25  Probe  
  108  8:27  Probe x2  
  108  8:29  Archon  
  108  8:31  Zealot x4  
  118  8:37  Probe  
  119  8:45  Pylon  
  119  8:46  Pylon  
  119  8:49  High Templar  
  119  8:50  Stalker, High Templar  
  119  8:54  Archon  
  125  9:07  Zealot x3  
  110  9:21  Nexus  
  100  9:25  Zealot x3  
  100  9:27  Probe  
  97  9:31  Probe  
  97  9:34  High Templar x2  
  97  9:35  Zealot  
  96  9:39  Archon  
  96  9:42  Probe  
  96  9:44  Pylon  
  96  9:45  Probe  
  96  9:50  Blink  
  96  9:51  Zealot x3  
  102  9:55  Probe  
  102  9:56  Pylon x2  
  102  9:57  Stalker  
  105  10:05  Probe  
  102  10:07  Probe  
  102  10:11  Stalker x4  
  109  10:15  Zealot x3  
  111  10:27  Assimilator  
  111  10:30  Assimilator  
  109  10:36  Zealot x2  
  109  10:40  Zealot x4  
  109  10:41  Zealot  
  101  10:43  Zealot x6  
  101  10:46  Protoss Ground Weapons Level 2 (Chrono Boost)  
  113  10:57  Immortal (Chrono Boost), Sentry x2  
  121  11:08  Zealot x5  
  131  11:26  Stalker x2  
  131  11:29  Nexus  
  128  11:50  Pylon  
  124  11:54  High Templar x4  
  130  12:01  Zealot x2  
  130  12:05  Colossus (Chrono Boost)  
  140  12:14  Archon  
  134  12:27  Stalker x2, Zealot x3  
  134  12:28  Zealot  
  142  12:42  High Templar  
  144  12:45  Nexus  
  144  12:48  Warp Prism (Chrono Boost), Pylon  
  144  12:51  Pylon  
  144  12:52  Archon  
  144  12:58  Zealot x3, High Templar x2  
  150  12:59  Robotics Facility  
  150  13:02  Pylon  
  150  13:03  Archon  
  150  13:04  Pylon  
  150  13:05  Pylon  
  156  13:15  Stalker x3  
  156  13:16  Disruptor (Chrono Boost)  
  156  13:19  Protoss Ground Armor Level 1 (Chrono Boost)  
  165  13:20  Photon Cannon  
  165  13:23  Shield Battery  
  165  13:27  Forge  
  165  13:45  Stalker x5  
  165  13:47  Disruptor (Chrono Boost)  
  170  13:53  Disruptor (Chrono Boost)  
  172  14:03  Probe x2  
  174  14:15  Probe x2  
  176  14:19  Disruptor (Chrono Boost)  
  176  14:23  Disruptor (Chrono Boost)  
  179  14:28  Zealot x2  
  186  14:36  Stalker x3  
  186  14:37  Zealot x2, Gateway  
  196  14:39  Gateway  
  196  14:45  Stalker  
  196  14:52  Stalker x2  
  196  15:09  Stalker x3  
  196  15:10  Probe  
  197  15:15  Disruptor  
  197  15:18  Probe  
  193  15:38  Zealot x3  
  193  15:42  Probe  
  198  15:52  Zealot x2  
  177  16:08  Zealot x7  
  177  16:09  Zealot, Disruptor x2  
  196  16:20  Zealot x2  
  157  16:38  Stalker x8  

Tags
 
Add a new tag
Caveats
  • Supply blocks, unpowered buildings, or Contaminate may cause inaccurate times.
  • Supply counts are checked every 10 seconds.